 Dungeon Crawl Stone Soup version 0.22-a0-858-g985ef60 (webtiles) character file.

18 poirepourri the Sneak (level 2, 0/13 HPs)
             Began as a Spriggan Enchanter on July 27, 2018.
             Slain by a kobold (4 damage)
             ... on level 2 of the Dungeon.
             The game lasted 00:01:21 (973 turns).

poirepourri the Sneak (Spriggan Enchanter)           Turns: 973, Time: 00:01:22

Health: 0/13       AC:  3    Str:  4    XL:     2   Next: 48%
Magic:  3/6        EV: 18    Int: 16    God:
Gold:   15         SH:  0    Dex: 16    Spells: 3/6 levels left

rFire    . . .     SeeInvis +   a - +1 dagger
rCold    . . .     Gourm    .   (shield restricted)
rNeg     . . .     Faith    .   b - +1 robe
rPois    .         Spirit   .   (helmet restricted)
rElec    .         Reflect  .   (no cloak)
rCorr    .         Harm     .   (gloves unavailable)
MR       .....                  (boots unavailable)
Stlth    +++.......             (no amulet)
HPRegen  0.04/turn              (no ring)
MPRegen  0.10/turn              (no ring)

@: very quick
A: very small, unfitting armour, see invisible, herbivore, speed 3, slow
metabolism 2
a: no special abilities


You were on level 2 of the Dungeon.
You were not hungry.

You visited 1 branch of the dungeon, and saw 2 of its levels.

You collected 15 gold pieces.

Inventory:

Hand Weapons
 a - a +1 dagger (weapon)
Armour
 b - a +1 robe (worn)
Scrolls
 c - 2 scrolls of identify
Comestibles
 d - 2 rations


   Skills:
 - Level 1.1 Short Blades
 - Level 3.0 Dodging
 + Level 6.0 Stealth
 - Level 2.6 Spellcasting
 - Level 3.6 Hexes


You had 3 spell levels left.
You knew the following spells:

 Your Spells              Type           Power        Failure   Level  Hunger
a - Corona                Hex            ##.....      4%          1    #......
b - Ensorcelled Hibernat  Hex/Ice        #.....       14%         2    ##.....

Your spell library contained the following spells:

 Spells                   Type           Power        Failure   Level  Hunger
 Confuse                  Hex            ##......     13%         3    ###....
 Tukima's Dance           Hex            ##......     13%         3    ###....
 Dazzling Spray           Conj/Hex       #.....       28%         3    ###....


Dungeon Overview and Level Annotations

Branches:
Dungeon (2/15)

Altars:
Gozag


Innate Abilities, Weirdness & Mutations

You are very small and have problems with some larger weapons.
You are too small for most types of armour.
You have supernaturally acute eyesight. (SInv)
You are a herbivore.
You cover ground extremely quickly.
You need to consume almost no food.


Message History

A quokka comes into view.
The quokka twitches its whiskers.
Found 6 gold pieces.
Found a stone staircase leading up.
You barely miss the quokka. The quokka completely misses you.
You hit the quokka but do no damage. The quokka bites you. x2
You closely miss the quokka. The quokka bites you.
You hit the quokka but do no damage. The quokka closely misses you.
You hit the quokka.
The quokka is heavily wounded.
The quokka misses you.
You hit the quokka but do no damage.
The quokka is heavily wounded.
The quokka completely misses you.
You hit the quokka but do no damage.
The quokka is heavily wounded.
The quokka closely misses you. The rat misses you. The kobold misses you.
You closely miss the quokka.
The quokka is heavily wounded.
The quokka misses you. The rat closely misses you. The kobold hits you.
You die...

#.# ##.# .#
.... .. ..# # .
..# .#$#.##.##
...<.#.r.#
#...@.# ###Krr#
#<###.g.#
#.......#
#####.g.# #...#
######...######
...............
...............


You could see a quokka, 2 hobgoblins, a kobold and 2 rats.

Vanquished Creatures
  A worm (D:2)
  A leopard gecko (D:1)
  2 goblins (D:1)
  A hobgoblin (D:1)
  4 jackals (D:1)
  A bat (D:1)
  3 rats (D:1)
13 creatures vanquished.

Notes
Turn   | Place    | Note
-------+----------+-------------------------------------------
     0 | D:1      | poirepourri the Spriggan Enchanter began the quest for the Orb.
     0 | D:1      | Reached XP level 1. HP: 9/9 MP: 5/5
   306 | D:1      | Reached skill level 5 in Stealth
   366 | D:1      | Reached XP level 2. HP: 7/13 MP: 6/6
   649 | D:1      | Learned a level 2 spell: Ensorcelled Hibernation
   944 | D:1      | You fall through a shaft!
   944 | D:2      | Found an opulent altar of Gozag.
   950 | D:2      | Reached skill level 6 in Stealth
   973 | D:2      | Slain by a kobold

Vault maps used:
D:1:      eino_arrival_druids_welcome, chequers_big_river
D:2:      minmay_roachtagon, nicolae_overflow_quartered_altars, uniq_terence

Skill      XL: |  1  2 |
---------------+-------+-----
Stealth        | 5 6 |  6.0
Short Blades   | |  1.1
Dodging        | |  3.0
Spellcasting   | |  2.6
Hexes          | |  3.6

Action                   || total
-------------------------++-------
Melee: Dagger            ||    79
 Cast: Ensorcelled Hiber ||     7
       Corona            ||     1
  Use: Scroll            ||     3
 Stab: Sleeping          ||     6
Armor: Robe              ||    15
Dodge: Dodged            ||    98

Table legend:
 A = Spawn XP
 B = Non-spawn XP
 C = Spawn XP percentage of total XP
 D = Spawn monster count
 E = Non-spawn monster count
 F = Spawn count percentage of total count
 G = Total turns spent on level
                    A         B        C        D         E        F      G
               +---------+---------+-------+---------+---------+-------+---------
         Total |       0 |      26 |   0.0 |       0 |      13 |   0.0 |   973
               +---------+---------+-------+---------+---------+-------+---------
           D:1 |       0 |      21 |   0.0 |       0 |      12 |   0.0 |   944
           D:2 |       0 |       5 |   0.0 |       0 |       1 |   0.0 |    29
               +---------+---------+-------+---------+---------+-------+---------
